 Dungeon Crawl Stone Soup version 0.25-a0-448-g1f46b9f (webtiles) character file.

Game seed: 5077832286655863791, levelgen mode: deterministic

212 CanOfBees the Sneak (level 5, 0/24 HPs)
             Began as a Spriggan Enchanter on Jan 31, 2020.
             Slain by an ogre
             ... wielding a cursed -3 giant club
              (24 damage)
             ... on level 4 of the Dungeon.
             The game lasted 00:07:43 (5701 turns).

CanOfBees the Sneak (Spriggan Enchanter)            Turns: 5701, Time: 00:07:44

Health: 0/24       AC:  0    Str:  4    XL:     5   Next: 58%
Magic:  5/10       EV: 18    Int: 17    God:
Gold:   143        SH:  0    Dex: 17    Spells: 0/9 levels left

rFire    . . .     SeeInvis +   a - +2 dagger
rCold    . . .     Gourm    .   (shield restricted)
rNeg     . . .     Faith    .   s - +0 robe
rPois    .         Spirit   .   (helmet restricted)
rElec    .         Reflect  .   (no cloak)
rCorr    .         Harm     .   (gloves unavailable)
MR       .....                  (boots unavailable)
Stlth    ++++......             (no amulet)
HPRegen  0.08/turn              i - -2 ring of protection (curse)
MPRegen  0.12/turn              p - ring of wizardry

@: very slightly contaminated, very quick
A: very small, unfitting armour, see invisible, herbivore, speed 3, slow
metabolism 2
a: no special abilities


You were on level 4 of the Dungeon.
You were very hungry.

You visited 1 branch of the dungeon, and saw 4 of its levels.

You collected 143 gold pieces.

Inventory:

Hand Weapons
 a - a +2 dagger (weapon)
 b - a +1 dagger of holy wrath
Missiles
 c - 33 arrows
 h - 101 stones (quivered)
 n - 15 poisoned darts
 r - 2 boomerangs
Armour
 s - a +0 robe (worn)
Jewellery
 i - a cursed -2 ring of protection (left hand)
 p - a ring of wizardry (right hand)
Wands
 m - a wand of polymorph (5)
Scrolls
 g - a scroll of magic mapping
 k - a scroll of amnesia
 u - a scroll of identify
Potions
 e - 2 potions of invisibility {unknown}
 f - 2 potions of cancellation {unknown}
 j - 3 potions of might
 l - a potion of berserk rage {unknown}
 t - a potion of haste {unknown}
Comestibles
 d - 2 rations


   Skills:
 + Level 3.2 Short Blades
 - Level 3.0 Dodging
 * Level 7.8 Stealth
 - Level 2.6 Spellcasting
 + Level 4.6 Hexes


You couldn't memorise any spells.
You knew the following spells:

 Your Spells              Type           Power        Failure   Level  Hunger
a - Corona                Hex            ###....      1%          1    #......
b - Ensorcelled Hibernat  Hex/Ice        ##....       4%          2    ##.....
c - Confusing Touch       Hex            ###.....     3%          3    ###....
d - Tukima's Dance        Hex            ###.....     3%          3    ###....

Your spell library contained the following spells:

 Spells                   Type           Power        Failure   Level  Hunger
 Animate Skeleton         Necr           N/A          8%          1    #......
 Apportation              Tloc           #.....       8%          1    #......
 Summon Small Mammal      Summ           #...         8%          1    #......
 Dazzling Flash           Conj/Hex       ##....       9%          3    ###....


Dungeon Overview and Level Annotations

Branches:
Dungeon (4/15)
 Temple: D:4-7

Altars:
Hepliaklqana
Sif Muna
Vehumet

Portals:
Abyss: D:3

Annotations:
D:3 2 transporters, talkingcatjazzcat's ghost, amateur DrCj


Innate Abilities, Weirdness & Mutations

You are very small and have problems with some larger weapons.
You are too small for most types of armour.
You have supernaturally acute eyesight. (SInv)
You are a herbivore.
You cover ground extremely quickly.
You need to consume almost no food.


Message History

Casting: Confusing Touch (safe; 3% risk of failure)
Confirm with . or Enter, or press ? or * to list all spells.
You miscast Confusing Touch.
You are very lightly contaminated with residual magic.
Multicoloured lights dance before your eyes!
You hit the ogre.
The ogre is lightly wounded.
The orc completely misses you. The ogre completely misses you.
You hit the ogre.
The ogre is lightly wounded.
You closely miss the ogre.
The ogre is lightly wounded.
The orc completely misses you. The ogre closely misses you.
You hit the ogre.
The ogre is moderately wounded.
You hit the ogre but do no damage.
The ogre is moderately wounded.
The ogre hits you with a cursed -3 giant club!!
Ouch! That really hurt!
You die...

#≈≈≈..≈≈≈#
#≈......≈#
#≈.♣..♣.≈#
+........+
+........+
#≈.♣..♣.≈#
#≈......≈#
#≈≈≈..≈≈≈#
####@'####
#..O...#
#..o...#
#......#
#......#
........
.........#
####.####.#


You could see an ogre and an orc (confused).

Vanquished Creatures
  A scorpion (D:4)
  An orc wizard (D:3)
  Ijyb (D:3)
  3 adders (D:3)
  2 adder skeletons (D:4)
  A worm (D:3)
  2 dart slugs (D:1)
  4 leopard geckos
  6 orcs (D:3)
  5 bats
  4 giant cockroaches
  4 goblins
  9 hobgoblins
  5 jackals (D:3)
  3 kobolds
  A quokka (D:2)
  2 ball pythons
  5 frilled lizards
  3 rats
62 creatures vanquished.

Notes
Turn   | Place    | Note
-------+----------+-------------------------------------------
     0 | D:1      | CanOfBees the Spriggan Enchanter began the quest for the
                  | Orb.
     0 | D:1      | Reached XP level 1. HP: 9/9 MP: 5/5
   289 | D:1      | Reached skill level 5 in Stealth
   353 | D:1      | Reached XP level 2. HP: 11/13 MP: 4/6
  1204 | D:1      | Learned a level 2 spell: Ensorcelled Hibernation
  1849 | D:1      | Reached XP level 3. HP: 12/16 MP: 5/8
  2290 | D:2      | Found a hazy altar of Hepliaklqana.
  2369 | D:2      | Found a radiant altar of Vehumet.
  2388 | D:2      | Reached skill level 6 in Stealth
  2915 | D:3      | Noticed Ijyb
  2918 | D:3      | Killed Ijyb
  2918 | D:3      | Reached XP level 4. HP: 21/21 MP: 9/9
  3392 | D:1      | Learned a level 3 spell: Confusing Touch
  4128 | D:3      | Found a shimmering blue altar of Sif Muna.
  4633 | D:3      | Found a one-way gate to the infinite horrors of the Abyss.
  4633 | D:3      | Noticed talkingcatjazzcat's ghost (amateur DrCj)
  4646 | D:3      | Reached skill level 7 in Stealth
  4672 | D:3      | Reached XP level 5. HP: 24/24 MP: 5/10
  4755 | D:3      | Found a transporter.
  4756 | D:3      | Found a transporter.
  5505 | D:3      | Learned a level 3 spell: Tukima's Dance
  5591 | D:4      | Noticed an ogre
  5690 | D:4      | Noticed an ogre
  5701 | D:4      | Slain by an ogre

Levels and vault maps discovered:
D:1:      dpeg_arrival_three_bigger_balls, layout_loops_ring
D:2:      layout_rooms, lemuel_doored_altar, marbit_many_paths
D:3:      minmay_wonky_spiral, layout_basic, lemuel_blue_sif_altar,
          gammafunk_ghost_abyssal_escape, uniq_ijyb
D:4:      layout_basic, fedhas_altar_2, old_standard_altar,
          gammafunk_ghost_grave, moated_statue, kennysheep_generic_room_6

Skill      XL: |  1  2  3  4  5 |
---------------+----------------+-----
Stealth        | 5 6 7 |  7.8
Short Blades   | 2 3 |  3.2
Hexes          | 4 |  4.6
Dodging        | |  3.0
Spellcasting   | |  2.6

Action                   |  1- 3 |  4- 6 || total
-------------------------+-------+-------++-------
Melee: Dagger            |   131 |   114 ||   245
 Cast: Corona            |    17 |     2 ||    19
       Ensorcelled Hiber |     5 |    16 ||    21
       Confusing Touch   |       |     9 ||     9
  Use: Scroll            |     5 |     3 ||     8
 Stab: Sleeping          |    15 |    10 ||    25
       Confused          |       |     7 ||     7
  Eat: Ration            |       |     2 ||     2
Armor: Robe              |     8 |       ||     8
Dodge: Dodged            |   100 |    73 ||   173

Table legend:
 A = Non-vault XP
 B = Vault XP
 C = Vault XP percentage of total XP
 D = Non-vault monster count
 E = Vault monster count
 F = Vault count percentage of total count
                 A         B        C        D         E       F
            +---------+---------+-------+---------+---------+-------
      Total |     260 |      43 |  14.2 |      59 |       3 |   4.8
            +---------+---------+-------+---------+---------+-------
        D:1 |      31 |       0 |   0.0 |      15 |       0 |   0.0
        D:2 |      31 |       2 |   6.1 |      18 |       1 |   5.3
        D:3 |     122 |      36 |  22.8 |      22 |       1 |   4.3
        D:4 |      76 |       5 |   6.2 |       4 |       1 |  20.0
            +---------+---------+-------+---------+---------+-------
